 Dungeon Crawl Stone Soup version 0.31-a0-152-g6aa68a64a1 (webtiles) character file.

Game seed: 4449633916775471629

2494 qw the Skirmisher (level 9, -4/81 HPs)
             Began as a Naga Hunter on June 10, 2023.
             Slain by a killer bee (7 damage)
             ... on level 6 of the Dungeon.
             The game lasted 00:01:55 (5129 turns).

qw the Skirmisher (Naga Hunter)                     Turns: 5129, Time: 00:01:55

Health: -4/81      AC:  9    Str: 14    XL:     9   Next: 52%
Magic:  9/9        EV: 13    Int: 10    God:
Gold:   384        SH:  0    Dex: 18    Spells: 8/8 levels left

rFire   . . .        Y - +0 orcbow
rCold   . . .        (shield currently unavailable)
rNeg    . . .        c - +0 leather armour
rPois   +            (no helmet)
rElec   .            (no cloak)
rCorr   .            d - +0 pair of gloves
SInv    +            (no barding)
Will    +....        (no amulet)
Stlth   ++           g - +4 ring of protection
HPRegen 0.33/turn    (no ring)
MPRegen 0.11/turn

%: no passive effects
@: about to teleport, short of breath, very slow
A: AC +3, large, see invisible, deformed body, poison resistance, slowness 2,
spit poison 1, naga tail 1
a: Spit Poison


You were on level 6 of the Dungeon.
You visited 1 branch of the dungeon, and saw 6 of its levels.
You also visited: Sewer.

You collected 384 gold pieces.


Innate Abilities, Weirdness & Mutations

Your serpentine skin is tough. (AC +3)
You have supernaturally acute eyesight. (SInv)
Armour fits poorly on your strangely shaped body.
Your system is resistant to poisons. (rPois)
You cover ground very slowly.
You can spit poison.
You have a snake-like lower body.


   Skills:
 - Level 5.1 Fighting
 - Level 13.3 Ranged Weapons
 + Level 0.5 Armour
 - Level 7.9 Dodging
 - Level 1.5 Stealth


You had 8 spell levels left.
You didn't know any spells.
Your spell library was empty.

Inventory:

Hand Weapons
 Y - a +0 orcbow (weapon)
Armour
 c - a +0 leather armour (worn)
 d - a +0 pair of gloves (worn)
Jewellery
 g - a +4 ring of protection (left hand)
Wands
 l - a wand of digging (2)
Scrolls
 a - a scroll of identify
Potions
 b - 2 potions of might
 f - a potion of curing
 k - 2 potions of haste
 n - a potion of cancellation

Dungeon Overview and Level Annotations

Branches:
Dungeon (6/15)              Sewer (visited)
 Temple: D:4-7

Altars:
Ashenzari
Cheibriados
Trog
Vehumet
Xom
The Shining One

Shops:
D:1 [

Annotations:
D:4 3 runed translucent doors, qw's ghost, amateur MiHu
D:5 1 runed translucent door, Crazy Yiuf
D:6 Maggie


Message History

Maggie gestures wildly while chanting.
Maggie attempts to bespell you! You resist with some effort.
The shadow imp closely misses you. The howler monkey closely misses you.
The killer bee barely misses you. The killer bee stings you. x2
The killer bee stings you but does no damage.
5126 ||| READING scroll of teleportation.
As you read the scroll of teleportation, it crumbles to dust.
You feel strangely unstable.
The killer bee closely misses you. x2; The killer bee barely misses you.
The killer bee stings you but does no damage.
The shadow imp barely misses you. The howler monkey barely misses you.
The killer bee closely misses you. The killer bee completely misses you.
The killer bee closely misses you. x2
You shoot an arrow. The arrow hits the killer bee!
You kill the killer bee!
You have got your breath back.
The killer bee barely misses you. The killer bee misses you.
The killer bee stings you. The howler monkey hits you.
The shadow imp gestures at you. Pain shoots through your body!
5128 ||| INVOKING Spit Poison.
Aiming: Spit Poison (1% risk of failure)
Press: ? - help, Shift-Dir - straight line, f - killer bee The splash of poison misses the killer bee.
The splash of poison hits Maggie!
Maggie is lightly wounded.
The killer bee stings you but does no damage. x3
The howler monkey completely misses you.
The killer bee closely misses you.
The killer bee stings you but does no damage. x2
The shadow imp shouts, "Crawl home, thou weedy kobold-kissing bugbear!"
The shadow imp hits you.
You shoot an arrow. The arrow barely misses the killer bee.
The arrow hits the adder!
The adder is severely wounded.
The killer bee stings you. x2; The killer bee barely misses you.
The howler monkey barely misses you. The killer bee barely misses you.
The killer bee stings you but does no damage.
The killer bee stings you!
You die...

......).##)y....
##.....o<...>..
#....o........#
#...%..........
.##
#..o..@.....?##
....#...........
###....h.S......
#.....yyy.......
..#...@5.......
..##..h........
##..........
............
..#..........
#.###..........
. ##...#......
..#....)...... #
#.......#######
..


You could see Maggie, an orc warrior, a howler monkey, a hound, 3 killer bees,
an orc wizard (invisible), an adder, a shadow imp and an orc.

Vanquished Creatures
  Prince Ribbit (D:6)
  An ice beast (D:5)
  A centaur (D:5)
  A phantom (D:5)
  3 kobold brigands (Sewer)
  3 scorpions (D:5)
  2 killer bees (D:6)
  An iguana (D:4)
  Terence (D:3)
  4 gnolls (D:5)
  8 adders
  A shadow imp (D:5)
  2 ufetubi
  A worm (D:4)
  3 dart slugs
  7 orcs
  11 endoplasms
  5 giant cockroaches
  10 goblins
  6 hobgoblins
  3 jackals (D:1)
  4 quokkas
  2 ball pythons
  10 bats
  A frilled lizard (D:3)
  20 kobolds
  6 rats
118 creatures vanquished.

Notes
Turn   | Place    | Note
-------+----------+-------------------------------------------
     0 | D:1      | qw the Naga Hunter began the quest for the Orb.
     0 | D:1      | Reached XP level 1. HP: 19/19 MP: 1/1
     0 | D:1      | 0 ||| qw: Version: 0.2-a-122-gbc61b45
     0 | D:1      | 0 ||| qw: Game counter: 3650
     0 | D:1      | 0 ||| qw: Always use a shield: true
     0 | D:1      | 0 ||| qw: God list: Okawaru
     0 | D:1      | 0 ||| qw: Allow faded altars: false
     0 | D:1      | 0 ||| qw: Do Orc after D:15 true
     0 | D:1      | 0 ||| qw: Do second Lair branch before Depths: true
     0 | D:1      | 0 ||| qw: Lair rune preference: random
     0 | D:1      | 0 ||| qw: Plans: Normal
     0 | D:1      | 0 ||| PLANNING D:1-11
    15 | D:1      | 15 ||| INVOKING Spit Poison.
    91 | D:1      | 91 ||| INVOKING Spit Poison.
   107 | D:1      | Found Tiry's Antique Armour Boutique.
   112 | D:1      | 112 ||| SHOPLISTING barding (598 gold, have 0).
   112 | D:1      | 112 ||| SHOPLISTING pair of gloves (117 gold, have 0).
   112 | D:1      | 112 ||| SHOPLISTING runed cloak (195 gold, have 0).
   112 | D:1      | 112 ||| SHOPLISTING runed ring mail (182 gold, have 0).
   361 | D:1      | 361 ||| INVOKING Spit Poison.
   364 | D:1      | Reached skill level 4 in Ranged Weapons
   364 | D:1      | Reached XP level 2. HP: 26/26 MP: 2/2
   566 | D:1      | 566 ||| INVOKING Spit Poison.
   698 | D:1      | 698 ||| INVOKING Spit Poison.
   823 | D:1      | 823 ||| UPGRADING to +4 ring of protection.
   824 | D:1      | 824 ||| READING 2 scrolls labelled EMOEQ DIUL.
   825 | D:1      | 825 ||| READING scroll labelled KISASYNOCAI.
   826 | D:1      | 826 ||| READING scroll labelled JUWANA NONI.
   830 | D:1      | 830 ||| DRINKING 3 bubbling purple potions.
   831 | D:1      | 831 ||| DROPPING scroll of butterflies.
   893 | D:2      | 893 ||| INVOKING Spit Poison.
   898 | D:2      | 898 ||| INVOKING Spit Poison.
   904 | D:2      | 904 ||| INVOKING Spit Poison.
   911 | D:2      | 911 ||| INVOKING Spit Poison.
   912 | D:2      | Reached XP level 3. HP: 32/32 MP: 3/3
   915 | D:2      | 915 ||| INVOKING Spit Poison.
   922 | D:2      | 922 ||| INVOKING Spit Poison.
  1027 | D:2      | 1027 ||| INVOKING Spit Poison.
  1032 | D:2      | 1032 ||| INVOKING Spit Poison.
  1057 | D:2      | 1057 ||| INVOKING Spit Poison.
  1161 | D:2      | 1161 ||| INVOKING Spit Poison.
  1173 | D:2      | 1173 ||| INVOKING Spit Poison.
  1179 | D:2      | 1179 ||| INVOKING Spit Poison.
  1182 | D:2      | 1182 ||| INVOKING Spit Poison.
  1186 | D:2      | 1186 ||| INVOKING Spit Poison.
  1197 | D:2      | 1197 ||| INVOKING Spit Poison.
  1303 | D:2      | 1303 ||| INVOKING Spit Poison.
  1310 | D:2      | 1310 ||| INVOKING Spit Poison.
  1311 | D:2      | Reached skill level 5 in Ranged Weapons
  1316 | D:2      | 1316 ||| INVOKING Spit Poison.
  1317 | D:2      | Reached XP level 4. HP: 39/39 MP: 4/4
  1521 | D:2      | 1521 ||| UPGRADING to +0 pair of gloves.
  1526 | D:2      | 1526 ||| READING scroll labelled BIRAOT EJYIPS.
  1527 | D:2      | 1527 ||| READING scroll labelled KOWAIR QURITT.
  1576 | D:3      | 1576 ||| INVOKING Spit Poison.
  1580 | D:3      | 1580 ||| INVOKING Spit Poison.
  1602 | D:3      | 1602 ||| INVOKING Spit Poison.
  1607 | D:3      | Noticed Terence
  1610 | D:3      | 1610 ||| INVOKING Spit Poison.
  1611 | D:3      | Killed Terence
  1612 | D:3      | Reached skill level 3 in Fighting
  1721 | D:3      | 1721 ||| INVOKING Spit Poison.
  1804 | D:3      | 1804 ||| INVOKING Spit Poison.
  1837 | D:3      | 1837 ||| INVOKING Spit Poison.
  1946 | D:3      | 1946 ||| INVOKING Spit Poison.
  1989 | D:3      | Reached XP level 5. HP: 49/49 MP: 5/5
  1993 | D:3      | 1993 ||| INVOKING Spit Poison.
  1999 | D:3      | 1999 ||| INVOKING Spit Poison.
  2126 | D:3      | Found a radiant altar of Vehumet.
  2204 | D:3      | 2204 ||| DRINKING 2 viscous orange potions.
  2205 | D:3      | 2205 ||| READING 2 scrolls of identify.
  2205 | D:3      | 2205 ||| IDENTIFYING fuming clear potion
  2206 | D:3      | 2206 ||| DROPPING potion of brilliance.
  2256 | D:4      | 2256 ||| STAIRDANCE
  2304 | D:4      | 2304 ||| INVOKING Spit Poison.
  2322 | D:4      | 2322 ||| INVOKING Spit Poison.
  2325 | D:4      | 2325 ||| INVOKING Spit Poison.
  2345 | D:4      | 2345 ||| INVOKING Spit Poison.
  2350 | D:4      | 2350 ||| INVOKING Spit Poison.
  2355 | D:4      | 2355 ||| INVOKING Spit Poison.
  2362 | D:4      | 2362 ||| INVOKING Spit Poison.
  2369 | D:4      | 2369 ||| INVOKING Spit Poison.
  2374 | D:4      | 2374 ||| INVOKING Spit Poison.
  2453 | D:4      | 2453 ||| INVOKING Spit Poison.
  2514 | D:4      | 2514 ||| INVOKING Spit Poison.
  2562 | D:4      | 2562 ||| DRINKING 2 cyan potions.
  2563 | D:4      | 2563 ||| READING 3 scrolls of identify.
  2563 | D:4      | 2563 ||| IDENTIFYING purple potion
  2564 | D:4      | 2564 ||| READING 2 scrolls of identify.
  2564 | D:4      | 2564 ||| IDENTIFYING coppery potion
  2565 | D:4      | 2565 ||| DROPPING potion of enlightenment.
  2566 | D:4      | 2566 ||| DROPPING potion of attraction.
  2573 | D:4      | 2573 ||| FLEEEEING.
  2574 | D:4      | 2574 ||| STAIRDANCE
  2585 | D:3      | 2585 ||| READING scroll labelled EFENINU UDDAUN.
  2622 | D:4      | Found a shimmering altar of Xom.
  2662 | D:4      | 2662 ||| INVOKING Spit Poison.
  2668 | D:4      | 2668 ||| INVOKING Spit Poison.
  2686 | D:4      | 2686 ||| INVOKING Spit Poison.
  2725 | D:4      | 2725 ||| INVOKING Spit Poison.
  2790 | D:4      | 2790 ||| INVOKING Spit Poison.
  2793 | D:4      | 2793 ||| INVOKING Spit Poison.
  2867 | D:4      | Found a runed translucent gate.
  2867 | D:4      | Found a runed translucent gate.
  2870 | D:4      | Found a runed translucent gate.
  2870 | D:4      | Noticed a kobold brigand
  2871 | D:4      | Noticed qw's ghost (amateur MiHu)
  3077 | D:5      | Entered Level 5 of the Dungeon
  3078 | D:5      | 3078 ||| PLANNING SEWER
  3079 | D:5      | 3079 ||| INVOKING Spit Poison.
  3086 | D:5      | 3086 ||| INVOKING Spit Poison.
  3087 | D:5      | 3087 ||| STAIRDANCE
  3107 | D:5      | 3107 ||| INVOKING Spit Poison.
  3108 | D:5      | 3108 ||| STAIRDANCE
  3146 | D:5      | 3146 ||| INVOKING Spit Poison.
  3147 | D:5      | 3147 ||| INVOKING Spit Poison.
  3160 | D:5      | 3160 ||| INVOKING Spit Poison.
  3162 | D:5      | Reached skill level 6 in Ranged Weapons
  3164 | D:5      | 3164 ||| INVOKING Spit Poison.
  3168 | D:5      | 3168 ||| INVOKING Spit Poison.
  3169 | D:5      | Reached XP level 6. HP: 55/56 MP: 6/6
  3189 | D:5      | Found a glowing drain.
  3241 | D:5      | 3241 ||| INVOKING Spit Poison.
  3245 | D:5      | 3245 ||| INVOKING Spit Poison.
  3249 | D:5      | 3249 ||| INVOKING Spit Poison.
  3315 | Sewer    | Entered a sewer
  3331 | Sewer    | 3331 ||| INVOKING Spit Poison.
  3336 | Sewer    | 3336 ||| INVOKING Spit Poison.
  3341 | Sewer    | 3341 ||| INVOKING Spit Poison.
  3344 | Sewer    | 3344 ||| INVOKING Spit Poison.
  3347 | Sewer    | 3347 ||| INVOKING Spit Poison.
  3353 | Sewer    | 3353 ||| INVOKING Spit Poison.
  3359 | Sewer    | 3359 ||| INVOKING Spit Poison.
  3433 | Sewer    | 3433 ||| INVOKING Spit Poison.
  3440 | Sewer    | 3440 ||| INVOKING Spit Poison.
  3441 | Sewer    | 3441 ||| INVOKING Spit Poison.
  3445 | Sewer    | 3445 ||| INVOKING Spit Poison.
  3453 | Sewer    | 3453 ||| INVOKING Spit Poison.
  3476 | Sewer    | 3476 ||| INVOKING Spit Poison.
  3481 | Sewer    | 3481 ||| INVOKING Spit Poison.
  3485 | Sewer    | 3485 ||| INVOKING Spit Poison.
  3488 | Sewer    | 3488 ||| INVOKING Spit Poison.
  3666 | Sewer    | 3666 ||| INVOKING Spit Poison.
  3672 | Sewer    | 3672 ||| INVOKING Spit Poison.
  3676 | Sewer    | 3676 ||| INVOKING Spit Poison.
  3681 | Sewer    | 3681 ||| INVOKING Spit Poison.
  3811 | Sewer    | 3811 ||| INVOKING Spit Poison.
  3815 | Sewer    | 3815 ||| INVOKING Spit Poison.
  3818 | Sewer    | 3818 ||| INVOKING Spit Poison.
  3823 | Sewer    | 3823 ||| INVOKING Spit Poison.
  3826 | Sewer    | Reached XP level 7. HP: 43/64 MP: 7/7
  3828 | Sewer    | 3828 ||| INVOKING Spit Poison.
  3918 | Sewer    | 3918 ||| READING scroll labelled KIANEAL DAUL.
  4019 | Sewer    | 4019 ||| DRINKING 2 bubbling brown potions.
  4020 | Sewer    | 4020 ||| DRINKING 2 green potions.
  4020 | Sewer    | Reached skill level 13 in Ranged Weapons
  4020 | Sewer    | Reached XP level 8. HP: 72/72 MP: 8/8
  4021 | Sewer    | 4021 ||| DRINKING potion of experience.
  4021 | Sewer    | Reached XP level 9. HP: 78/78 MP: 9/9
  4022 | Sewer    | 4022 ||| DRINKING 2 inky potions.
  4040 | D:5      | 4040 ||| PLANNING D:1-11
  4076 | D:5      | 4076 ||| INVOKING Spit Poison.
  4085 | D:5      | Found a glowing golden altar of the Shining One.
  4102 | D:5      | Found a bloodstained altar of Trog.
  4102 | D:5      | Found a broken altar of Ashenzari.
  4105 | D:5      | Found a snail-covered altar of Cheibriados.
  4355 | D:5      | 4355 ||| SWAPPING to +0 orcbow.
  4356 | D:5      | 4356 ||| INVOKING Spit Poison.
  4360 | D:5      | 4360 ||| INVOKING Spit Poison.
  4386 | D:5      | 4386 ||| DROPPING +0 shortbow.
  4529 | D:5      | 4529 ||| INVOKING Spit Poison.
  4720 | D:5      | Found a runed translucent door.
  4721 | D:5      | Noticed Crazy Yiuf
  4752 | D:5      | 4752 ||| INVOKING Spit Poison.
  5002 | D:5      | 5002 ||| READING scroll labelled NINLUM YBORES.
  5003 | D:5      | 5003 ||| READING 3 scrolls of identify.
  5003 | D:5      | 5003 ||| IDENTIFYING dark potion
  5004 | D:5      | 5004 ||| READING 2 scrolls of identify.
  5004 | D:5      | 5004 ||| IDENTIFYING sedimented green potion
  5005 | D:5      | 5005 ||| DROPPING potion of ambrosia.
  5006 | D:5      | 5006 ||| DROPPING potion of lignification.
  5064 | D:6      | 5064 ||| INVOKING Spit Poison.
  5065 | D:6      | Noticed Prince Ribbit
  5068 | D:6      | 5068 ||| INVOKING Spit Poison.
  5073 | D:6      | 5073 ||| INVOKING Spit Poison.
  5077 | D:6      | 5077 ||| INVOKING Spit Poison.
  5081 | D:6      | 5081 ||| Stepping ~*~*~tactically~*~*~ (outnumbered).
  5084 | D:6      | Killed Prince Ribbit
  5084 | D:6      | HP: 17/80 [killer bee (6)]
  5085 | D:6      | 5085 ||| READING 4 scrolls of teleportation.
  5086 | D:6      | 5086 ||| DRINKING 6 potions of heal wounds.
  5087 | D:6      | 5087 ||| INVOKING Spit Poison.
  5088 | D:6      | 5088 ||| DRINKING 5 potions of heal wounds.
  5091 | D:6      | 5091 ||| INVOKING Spit Poison.
  5096 | D:6      | 5096 ||| INVOKING Spit Poison.
  5099 | D:6      | HP: 19/81 [orc warrior/+0 short sword (4)]
  5100 | D:6      | 5100 ||| READING 3 scrolls of teleportation.
  5101 | D:6      | 5101 ||| DRINKING 4 potions of heal wounds.
  5102 | D:6      | 5102 ||| INVOKING Spit Poison.
  5104 | D:6      | Noticed Maggie
  5109 | D:6      | 5109 ||| INVOKING Spit Poison.
  5113 | D:6      | 5113 ||| INVOKING Spit Poison.
  5113 | D:6      | HP: 20/81 [adder (1)]
  5114 | D:6      | 5114 ||| READING 2 scrolls of teleportation.
  5115 | D:6      | 5115 ||| DRINKING 3 potions of heal wounds.
  5116 | D:6      | 5116 ||| DRINKING 2 potions of heal wounds.
  5117 | D:6      | 5117 ||| INVOKING Spit Poison.
  5118 | D:6      | HP: 16/81 [orc warrior/+0 short sword (10)]
  5119 | D:6      | 5119 ||| DRINKING potion of heal wounds.
  5123 | D:6      | 5123 ||| INVOKING Spit Poison.
  5125 | D:6      | HP: 19/81 [killer bee (2)]
  5126 | D:6      | 5126 ||| READING scroll of teleportation.
  5128 | D:6      | 5128 ||| INVOKING Spit Poison.
  5129 | D:6      | HP: 8/81 [killer bee (4)]
  5129 | D:6      | HP: 3/81 [killer bee (5)]
  5129 | D:6      | Slain by a killer bee

Levels and vault maps discovered:
D:1:      dpeg_arrival_central, layout_loops_corners, serial_shops, shop
D:2:      layout_loops_cross, minmay_pentomino_z4
D:3:      layout_basic, nicolae_overflow_hidden_temple, uniq_terence
D:4:      layout_loops_ring, mainiacjoe_overflow_brackets,
          gammafunk_ghost_nasty_kobolds, minmay_manual_maat
D:5:      layout_cave_pods, grunt_temple_overflow_open, gup_sewer_entry_glass,
          uniq_crazy_yiuf_cottage
D:6:      layout_rooms, chequers_serial_rivers_micro_a, kennysheep_flooded_box,
          uniq_maggie, uniq_prince_ribbit1

Skill      XL: |  1  2  3  4  5  6  7  8  9 |
---------------+----------------------------+-----
Ranged Weapons | 4 5 6 13 | 13.3
Fighting       | 3 4 5 |  5.1
Dodging        | 7 |  7.9
Armour         | |  0.5
Stealth        | |  1.5

Action                     |  1- 3 |  4- 6 |  7- 9 || total
---------------------------+-------+-------+-------++-------
   Fire: Shortbow          |    53 |   200 |    14 ||   267
         Orcbow            |       |       |    67 ||    67
Ability: Spit Poison       |    23 |    60 |    19 ||   102
    Use: Scroll            |     3 |     6 |     8 ||    17
         Potion            |     1 |     2 |    10 ||    13
 Armour: Leather armour    |     9 |   103 |    59 ||   171
  Dodge: Dodged            |     8 |   109 |   140 ||   257

Table legend:
 A = Non-vault XP
 B = Vault XP
 C = Vault XP percentage of total XP
 D = Non-vault monster count
 E = Vault monster count
 F = Vault count percentage of total count
                 A         B        C        D         E       F
            +---------+---------+-------+---------+---------+-------
      Total |    1023 |     667 |  39.5 |      83 |      35 |  29.7
            +---------+---------+-------+---------+---------+-------
        D:1 |      19 |       0 |   0.0 |      12 |       0 |   0.0
        D:2 |      61 |      16 |  20.8 |      17 |       3 |  15.0
        D:3 |      39 |      36 |  48.0 |      14 |       1 |   6.7
        D:4 |      78 |      15 |  16.1 |      18 |       3 |  14.3
        D:5 |     678 |      26 |   3.7 |      15 |       2 |  11.8
        D:6 |     148 |     259 |  63.6 |       7 |       1 |  12.5
      Sewer |       0 |     315 | 100.0 |       0 |      25 | 100.0
            +---------+---------+-------+---------+---------+-------
